 Dungeon Crawl Stone Soup version 0.30-a0-373-gd37427bb62 (webtiles) character file.

Game seed: 5910667645175646903

33 Maxmaps the Ducker (level 3, -2/35 HPs)
             Began as a Gnoll Monk on Nov 23, 2022.
             Slain by a goblin
             ... wielding a +0 dagger
             ... led by Robin
              (4 damage)
             ... on level 2 of the Dungeon.
             The game lasted 00:00:43 (722 turns).

Maxmaps the Ducker (Gnoll Monk)                      Turns: 722, Time: 00:00:43

Health: -2/35      AC:  2    Str: 10    XL:     3   Next: 29%
Magic:  4/4        EV: 15    Int: 11    God:
Gold:   44         SH:  0    Dex: 14    Spells: 3/3 levels left

rFire   . . .      SeeInvis .    e - +3 dagger
rCold   . . .      Faith    .    (no shield)
rNeg    . . .      Spirit   .    b - +0 robe
rPois   .          Reflect  .    (no helmet)
rElec   .          Harm     .    (no cloak)
rCorr   .          Rampage  .    (no gloves)
Will    .....                    (no boots)
Stlth   +++.......               (no amulet)
HPRegen 0.25/turn                (no ring)
MPRegen 0.09/turn                (no ring)

@: no status effects
A: fangs 1, strong nose, distributed training
a: no special abilities


You were on level 2 of the Dungeon.
You visited 1 branch of the dungeon, and saw 2 of its levels.

You collected 44 gold pieces.

Inventory:

Hand Weapons
 a - a +0 falchion
 e - a +3 dagger (weapon)
Armour
 b - a +0 robe (worn)
Scrolls
 d - 2 scrolls of identify {unknown}
 h - a scroll of teleportation {unknown}
 i - a scroll of amnesia {unknown}
Potions
 c - a potion of ambrosia
 f - a potion of heal wounds {unknown}
 g - a potion of curing {unknown}


   Skills:
 + Level 6.5 Fighting
 + Level 0.8 Short Blades
 + Level 6.5 Long Blades
 + Level 0.8 Axes
 + Level 0.8 Maces & Flails
 + Level 0.8 Polearms
 + Level 0.8 Staves
 + Level 0.8 Ranged Weapons
 + Level 0.8 Throwing
 + Level 0.8 Armour
 + Level 6.5 Dodging
 + Level 4.1 Stealth
 + Level 0.8 Shields
 + Level 0.8 Unarmed Combat
 + Level 0.8 Spellcasting
 + Level 0.5 Conjurations
 + Level 0.5 Hexes
 + Level 0.5 Summonings
 + Level 0.5 Necromancy
 + Level 0.5 Translocations
 + Level 0.5 Transmutations
 + Level 0.5 Fire Magic
 + Level 0.5 Ice Magic
 + Level 0.5 Air Magic
 + Level 0.5 Earth Magic
 + Level 0.5 Poison Magic
 + Level 1.0 Invocations
 + Level 0.8 Evocations


You had 3 spell levels left.
You didn't know any spells.
Your spell library contained the following spells:

 Spells                   Type           Power      Damage    Failure   Level
 Blink                    Tloc           2%         N/A       36%         2
 Manifold Assault         Tloc           1%         N/A       95%         4
 Storm Form               Tmut/Air       0%         N/A       100%        7


Dungeon Overview and Level Annotations

Branches:
Dungeon (2/15)

Altars:

Annotations:
D:2 Robin


Innate Abilities, Weirdness & Mutations

You have very sharp teeth.
Your uncanny sense of smell can sniff out nearby items.
Your experience applies equally to all skills.


Message History

You hit the goblin.
You kill the goblin!
Robin throws the goblin at you! The goblin closely misses you.
The goblin completely misses you. The goblin hits you with a +0 club.
The hobgoblin barely misses you. The goblin barely misses you.
The goblin hits you with a +0 club.
You hit the goblin.
You kill the goblin!
Robin throws the goblin at you! The goblin hits you with a +0 dagger.
The goblin misses you. x2; The hobgoblin hits you.
The goblin closely misses you. The goblin barely misses you.
A goblin comes into view. It is wielding a +0 dagger.
The goblin hits you but does no damage.
You hit the goblin.
You kill the goblin!
The hobgoblin misses you. The goblin barely misses you.
The goblin misses you. x2
The goblin hits you with a +0 dagger. The goblin completely misses you.
You hit the goblin.
You kill the goblin!
The goblin misses you. The goblin hits you with a +0 dagger.
The hobgoblin barely misses you. The goblin hits you but does no damage.
The goblin hits you with a +0 club.
* * * LOW HITPOINT WARNING * * *
The goblin hits you but does no damage.
Your Invocations skill increases to level 1!
The goblin attacks as you move away! The goblin hits you with a +0 dagger.
* * * LOW HITPOINT WARNING * * *
The goblin attacks as you move away! The goblin completely misses you.
The goblin attacks as you move away! The goblin hits you with a +0 dagger.
* * * LOW HITPOINT WARNING * * *
Found 5 stones.
Robin throws the goblin at you!
* * * LOW HITPOINT WARNING * * *
The hobgoblin hits you.
* * * LOW HITPOINT WARNING * * *
The goblin closely misses you.
Things that are here:
a +0 club; a +0 club; a goblin corpse The hobgoblin attacks as you move away!
The hobgoblin closely misses you. The goblin attacks as you move away!
The goblin hits you with a +0 dagger.
You die...

...## ∆ .... ...
.. #..####### ...
##.##[g#.....#...(
.S...gg...<.....
#g#...#.#
#..g_...#
#)Sg@.<.#
#.gg#g..#
##.gg..## ###.###
.. ... ∆ #..# ...
#...


You could see Robin, 3 hobgoblins, 5 goblins and a ball python.

Vanquished Creatures
  3 dart slugs (D:1)
  A bat (D:1)
  7 goblins
  2 hobgoblins (D:1)
  2 quokkas (D:1)
  5 ball pythons (D:1)
  3 frilled lizards (D:1)
  2 kobolds (D:1)
  3 rats (D:1)
28 creatures vanquished.

Notes
Turn   | Place    | Note
-------+----------+-------------------------------------------
     0 | D:1      | Maxmaps the Gnoll Monk began the quest for the Orb.
     0 | D:1      | Reached XP level 1. HP: 23/23 MP: 1/1
   108 | D:1      | Reached XP level 2. HP: 28/29 MP: 2/2
   359 | D:1      | Reached XP level 3. HP: 35/35 MP: 3/3
   708 | D:2      | Noticed Robin
   708 | D:2      | Found a faded altar of an unknown god.
   721 | D:2      | Reached skill level 1 in Invocations
   722 | D:2      | Slain by a goblin

Illustrated notes

Levels and vault maps discovered:
D:1:      minmay_arrival_three_doors, layout_loops_cross
D:2:      layout_rooms, nicolae_ecumenical_pavilion, uniq_robin, uniq_natasha

Skill      XL: |  1  2  3 |
---------------+----------+-----
Invocations    | 1 |  1.0
Fighting       | |  6.5
Short Blades   | |  0.8
Long Blades    | |  6.5
Axes           | |  0.8
Maces & Flails | |  0.8
Polearms       | |  0.8
Staves         | |  0.8
Ranged Weapons | |  0.8
Throwing       | |  0.8
Armour         | |  0.8
Dodging        | |  6.5
Stealth        | |  4.1
Shields        | |  0.8
Unarmed Combat | |  0.8
Spellcasting   | |  0.8
Conjurations   | |  0.5
Hexes          | |  0.5
Summonings     | |  0.5
Necromancy     | |  0.5
Translocations | |  0.5
Transmutations | |  0.5
Fire Magic     | |  0.5
Ice Magic      | |  0.5
Air Magic      | |  0.5
Earth Magic    | |  0.5
Poison Magic   | |  0.5
Evocations     | |  0.8

Action                   || total
-------------------------++-------
Melee: Falchion          ||    20
       Bite              ||     5
       Dagger            ||    39
       Punch             ||     2
 Stab: Sleeping          ||     9
Armor: Robe              ||    12
Dodge: Dodged            ||    46

Table legend: (Time is in decaauts)
 A = Elapsed time spent in this place.
 B = Non-inter-level travel time spent in this place.
 C = Inter-level travel time spent in this place.
 D = Time resting spent in this place.
 E = Time spent auto-exploring this place.
 F = Levels seen in this place.
 G = Mean time per level.
                   A        B        C        D        E       F      G
               +--------+--------+--------+--------+--------+-----+--------+
         Total |    720 |    695 |     25 |      0 |    549 |   2 |  360.0 |
       Dungeon |    720 |    695 |     25 |      0 |    549 |   2 |  360.0 |
               +--------+--------+--------+--------+--------+-----+--------+

Top non-repeatable levels by time:
     D:1: 706 daAuts
     D:2: 13 daAuts
